 Dungeon Crawl Stone Soup version 0.24.0-41-g2ae2f7f1be (webtiles) character file.

Game seed: 11836832324484010375, levelgen mode: deterministic

359 FishyPogo the Charmwright (level 6, 0/76 HPs)
             Began as a Gnoll Skald on Dec 15, 2019.
             Was a Follower of Okawaru.
             Killed by divine providence
             ... invoked by an orc priest
              (12 damage)
             ... on level 4 of the Dungeon.
             The game lasted 00:10:39 (2590 turns).

FishyPogo the Charmwright (Gnoll Skald)             Turns: 2590, Time: 00:10:40

Health: 0/76       AC: 23    Str: 14 (15) XL:     6   Next: 65%
Magic:  6/12       EV:  2    Int: 14 (15) God:    Okawaru [*.....]
Gold:   167        SH:  0    Dex: 17 (19) Spells: 4/15 levels left

rFire    . . .     SeeInvis .   a - +0 short sword
rCold    . . .     Gourm    .   (no shield)
rNeg     + + +     Faith    .   (armour currently unavailable)
rPois    +         Spirit   .   (helmet currently unavailable)
rElec    .         Reflect  .   (cloak currently unavailable)
rCorr    .         Harm     .   (gloves currently unavailable)
MR       .....     NoTele   +   (boots currently unavailable)
Stlth    ++........             (no amulet)
HPRegen  0.22/turn              C - +2 ring of dexterity
MPRegen  0.13/turn              (no ring)

@: tree-form, shrouded, very slightly contaminated
A: distributed training, agile 1, low mp 1, strong nose
a: Heroism, Renounce Religion


You were on level 4 of the Dungeon.
You worshipped Okawaru.
Okawaru was aware of your devotion.
You were hungry.
You were a tree.
You visited 1 branch of the dungeon, and saw 4 of its levels.

You collected 167 gold pieces.

Inventory:

Hand Weapons
 a - a +0 short sword (weapon)
Missiles
 i - 104 stones (quivered)
Armour
 b - a +0 leather armour (melded)
 o - a +0 pair of gloves (melded)
 z - a +0 helmet (melded)
 A - a +2 cloak (melded)
Jewellery
 C - a +2 ring of dexterity (left branch)
Wands
 q - a wand of random effects (26)
Scrolls
 f - a scroll of enchant weapon {unknown}
 j - 5 scrolls of teleportation {unknown}
 n - a scroll of random uselessness {unknown}
 p - a scroll of blinking {unknown}
 s - 2 scrolls of amnesia {unknown}
 t - 2 scrolls of enchant armour {unknown}
 v - 2 scrolls of fear {unknown}
 w - 3 scrolls of identify {unknown}
 x - a scroll of remove curse {unknown}
 y - a scroll of noise {unknown}
Potions
 c - 3 potions of curing {unknown}
 e - a potion of mutation
 g - a potion of resistance {unknown}
 h - 2 potions of flight
 l - a potion of heal wounds
 r - a potion of magic
 u - a potion of agility
Comestibles
 d - 5 rations
 B - 10 chunks of flesh


   Skills:
 + Level 5.0 Fighting
 + Level 5.0 Short Blades
 + Level 2.0 Long Blades
 + Level 2.0 Axes
 + Level 2.0 Maces & Flails
 + Level 2.0 Polearms
 + Level 2.0 Staves
 + Level 2.0 Slings
 + Level 2.0 Bows
 + Level 2.0 Crossbows
 + Level 2.0 Throwing
 + Level 3.3 Armour
 + Level 5.0 Dodging
 + Level 2.0 Stealth
 + Level 2.0 Shields
 + Level 2.0 Unarmed Combat
 + Level 5.4 Spellcasting
 + Level 1.6 Conjurations
 + Level 1.6 Hexes
 + Level 5.7 Charms
 + Level 1.6 Summonings
 + Level 1.6 Necromancy
 + Level 1.6 Translocations
 + Level 1.6 Transmutations
 + Level 1.6 Fire Magic
 + Level 1.6 Ice Magic
 + Level 1.6 Air Magic
 + Level 1.6 Earth Magic
 + Level 1.6 Poison Magic
 + Level 2.2 Invocations
 + Level 2.0 Evocations


You had 4 spell levels left.
You knew the following spells:

 Your Spells              Type           Power        Failure   Level  Hunger
h - Regeneration          Chrm/Necr      ##........   11%         3    ###....
n - Spectral Weapon       Hex/Chrm       ##......     11%         3    ###....
p - Shroud of Golubria    Chrm/Tloc      ##....       5%          2    ##.....
u - Song of Slaying       Chrm           ###.....     2%          2    ##.....
y - Infusion              Chrm           ###.         1%          1    None

Your spell library contained the following spells:

 Spells                   Type           Power        Failure   Level  Hunger


Dungeon Overview and Level Annotations

Branches:
Dungeon (4/15)
 Temple: D:4-7

Altars:
Nemelex Xobeh
Okawaru
Wu Jian
Yredelemnul
Zin

Annotations:
D:3 2 transporters


Innate Abilities, Weirdness & Mutations

Your experience applies equally to all skills.
((You have very sharp teeth.))
Your uncanny sense of smell can sniff out nearby items.
You are agile. (Dex +2)
Your magical capacity is low. (-10% MP)


Message History

The orc's wounds heal themselves!
The orc wizard hits you but does no damage.
The orc hits your spectral weapon but does no damage.
You hit the orc but do no damage.
Your spectral weapon hits the orc.
The orc wizard hits you but does no damage.
The orc priest hits you but does no damage.
The orc priest hits your spectral weapon with a +0 hand axe.
Your spectral weapon shares its damage with you!
* * * LOW HITPOINT WARNING * * *
Unknown command.
You hit the orc but do no damage.
The orc is moderately wounded.
Your song has ended.
Your spectral weapon hits the orc.
The orc completely misses your spectral weapon.
The orc wizard casts a spell at you.
The magic dart hits you but does no damage.
The orc priest mumbles some strange prayers to Beogh against you.
Beogh smites you!
You die...

.# ..o...........# .#
..............# .#
.o...........# .#
.............## .#
..o...........# .#####
######'###+### .....#
###...#........# .....#
+.....oo(......# .....#
#.....#♣o......# .....#
#.....#........# .....#
#.....#........# .....#
#.....#........#
.....######'####........#
###.....###....###+######
#.....#........#
#.....#........#
#.....#.)......#


You could see an orc priest, an orc wizard, an orc and a friendly spectral +0
short sword.

Vanquished Creatures
  An ogre (D:4)
  A hound (D:4)
  An orc wizard (D:4)
  Natasha (thrice) (D:2)
  Robin (D:3)
  4 adders
  An ooze (D:2)
  5 worms
  A dart slug (D:1)
  4 leopard geckos
  An orc (D:4)
  3 ball pythons
  A giant cockroach (D:1)
  13 goblins
  9 hobgoblins
  6 jackals (D:1)
  11 kobolds
  5 bats
  4 frilled lizards
  6 rats
81 creatures vanquished.

Vanquished Creatures (others)
  A spectral weapon (D:4)
1 creature vanquished.

Grand Total: 82 creatures vanquished

Notes
Turn   | Place    | Note
-------+----------+-------------------------------------------
     0 | D:1      | FishyPogo the Gnoll Skald began the quest for the Orb.
     0 | D:1      | Reached XP level 1. HP: 20/20 MP: 6/6
    71 | D:1      | Reached XP level 2. HP: 21/26 MP: 0/7
    79 | D:1      | Learned a level 2 spell: Song of Slaying
    82 | D:1      | Learned a level 2 spell: Shroud of Golubria
   374 | D:1      | Reached XP level 3. HP: 12/31 MP: 3/9
   379 | D:1      | Learned a level 3 spell: Regeneration
   383 | D:1      | Learned a level 3 spell: Spectral Weapon
   453 | D:1      | Reached skill level 5 in Spellcasting
   941 | D:2      | Reached skill level 1 in Invocations
   989 | D:2      | Noticed Natasha
  1001 | D:2      | Killed Natasha
  1001 | D:2      | Reached skill level 1 in Long Blades
  1001 | D:2      | Reached skill level 1 in Axes
  1001 | D:2      | Reached skill level 1 in Maces & Flails
  1001 | D:2      | Reached skill level 1 in Polearms
  1001 | D:2      | Reached skill level 1 in Staves
  1001 | D:2      | Reached skill level 1 in Slings
  1001 | D:2      | Reached skill level 1 in Bows
  1001 | D:2      | Reached skill level 1 in Crossbows
  1001 | D:2      | Reached skill level 1 in Throwing
  1001 | D:2      | Reached skill level 1 in Stealth
  1001 | D:2      | Reached skill level 1 in Shields
  1001 | D:2      | Reached skill level 1 in Unarmed Combat
  1001 | D:2      | Reached skill level 1 in Evocations
  1001 | D:2      | Reached XP level 4. HP: 22/38 MP: 3/11
  1215 | D:2      | Found an iron altar of Okawaru.
  1216 | D:2      | Found a basalt altar of Yredelemnul.
  1217 | D:2      | Found a sparkling altar of Nemelex Xobeh.
  1225 | D:2      | Became a worshipper of Warmaster Okawaru
  1438 | D:2      | Reached skill level 1 in Conjurations
  1438 | D:2      | Reached skill level 1 in Hexes
  1438 | D:2      | Reached skill level 1 in Summonings
  1438 | D:2      | Reached skill level 1 in Necromancy
  1438 | D:2      | Reached skill level 1 in Translocations
  1438 | D:2      | Reached skill level 1 in Transmutations
  1438 | D:2      | Reached skill level 1 in Fire Magic
  1438 | D:2      | Reached skill level 1 in Ice Magic
  1438 | D:2      | Reached skill level 1 in Air Magic
  1438 | D:2      | Reached skill level 1 in Earth Magic
  1438 | D:2      | Reached skill level 1 in Poison Magic
  1473 | D:2      | Noticed Natasha
  1509 | D:2      | Killed Natasha
  1509 | D:2      | Reached XP level 5. HP: 43/43 MP: 5/12
  1755 | D:2      | Noticed Natasha
  1762 | D:2      | Killed Natasha
  1771 | D:3      | Found a transporter.
  1771 | D:3      | Found a transporter.
  1772 | D:3      | Noticed a two-headed ogre
  1774 | D:3      | Noticed a sky beast
  1828 | D:3      | Found a glowing silver altar of Zin.
  1878 | D:3      | Noticed Robin
  1894 | D:3      | Killed Robin
  2252 | D:3      | Found an ornate altar of the Wu Jian Council.
  2443 | D:4      | Reached XP level 6. HP: 44/50 MP: 4/13
  2524 | D:4      | Reached * piety under Okawaru
  2524 | D:4      | Reached skill level 5 in Fighting
  2524 | D:4      | Reached skill level 5 in Short Blades
  2524 | D:4      | Reached skill level 5 in Dodging
  2578 | D:4      | Gained mutation: Your magical capacity is low. (-10% MP)
                  | [potion of mutation]
  2578 | D:4      | Gained mutation: You are agile. (Dex +2) [potion of
                  | mutation]
  2582 | D:4      | HP: 1/51 [orc wizard/magic dart (5)]
  2590 | D:4      | Killed from afar by an orc priest

Levels and vault maps discovered:
D:1:      minmay_arrival_open_corners, layout_basic,
          corexii_item_surrounded_by_moat, st_stairs_1, feat_on_display
D:2:      minmay_chambers_of_ones, layout_loops_cross,
          chequers_temple_overflow_statue_of_worship, minmay_splitting_lines,
          nrook_campfire, uniq_natasha
D:3:      layout_rooms, gammafunk_temple_overflow_arena,
          overflow_temple_1_default, first_ration, uniq_robin
D:4:      layout_gridville, lemuel_round_altar

Skill      XL: |  1  2  3  4  5  6 |
---------------+-------------------+-----
Spellcasting   | 5 |  5.4
Invocations    | 1 2 |  2.2
Long Blades    | 1 2 |  2.0
Axes           | 1 2 |  2.0
Maces & Flails | 1 2 |  2.0
Polearms       | 1 2 |  2.0
Staves         | 1 2 |  2.0
Slings         | 1 2 |  2.0
Bows           | 1 2 |  2.0
Crossbows      | 1 2 |  2.0
Throwing       | 1 2 |  2.0
Stealth        | 1 2 |  2.0
Shields        | 1 2 |  2.0
Unarmed Combat | 1 2 |  2.0
Evocations     | 1 2 |  2.0
Conjurations   | 1 |  1.6
Hexes          | 1 |  1.6
Summonings     | 1 |  1.6
Necromancy     | 1 |  1.6
Translocations | 1 |  1.6
Transmutations | 1 |  1.6
Fire Magic     | 1 |  1.6
Ice Magic      | 1 |  1.6
Air Magic      | 1 |  1.6
Earth Magic    | 1 |  1.6
Poison Magic   | 1 |  1.6
Armour         | 3 |  3.3
Fighting       | 5 |  5.0
Short Blades   | 5 |  5.0
Dodging        | 5 |  5.0
Charms         | |  5.7

Action                   |  1- 3 |  4- 6 || total
-------------------------+-------+-------++-------
Melee: Short sword       |   104 |   159 ||   263
       Punch             |     1 |     1 ||     2
       Bite              |     4 |     9 ||    13
Throw: Stone             |     4 |     4 ||     8
 Cast: Infusion          |     6 |     8 ||    14
       Song of Slaying   |     1 |     2 ||     3
       Shroud of Golubri |     2 |    11 ||    13
       Regeneration      |     1 |       ||     1
       Spectral Weapon   |       |     7 ||     7
  Use: Potion            |       |     6 ||     6
 Stab: Sleeping          |       |     4 ||     4
       Distracted        |       |     2 ||     2
  Eat: Chunk             |       |     6 ||     6
Armor: Leather armour    |    19 |    26 ||    45
       Skin              |       |    12 ||    12
Dodge: Dodged            |    75 |   108 ||   183
